 Dungeon Sprint DCSS version 0.20-a0-945-g3bf614a (webtiles) character file.

2280 lauthentik the Unseen (level 9, -5/57 HPs)
             Began as a Vampire Enchanter on Apr 1, 2017.
             Was a Believer of Kikubaaqudgha.
             Killed themself with a badly aimed iceblast (13 damage)
             ... in the Dungeon (Sprint I: "Red Sonja").
             The game lasted 00:07:32 (867 turns).

lauthentik the Unseen (Vampire Enchanter)            Turns: 867, Time: 00:07:35

Health: -5/57      AC:  3    Str:  7    XL:     9   Next: 16%
Magic:  14/22      EV: 17    Int: 21    God:    Kikubaaqudgha [**....]
Gold:   516        SH:  0    Dex: 14    Spells: 19/26 levels left

rFire    . . .     SeeInvis +   a - +1 dagger
rCold    . . .     Gourm    .   (no shield)
rNeg     + . .     Faith    .   k - +1 robe {MR+}
rPois    .         Spirit   .   (no helmet)
rElec    .         Reflect  .   (no cloak)
rCorr    .         Harm     .   (no gloves)
MR       +....     NoTele   +   (no boots)
Stlth    ++++++....             (no amulet)
Regen    0.2/turn               (no ring)
MPRegen  0.2/turn               (no ring)

@: no status effects
A: fangs 3, see invisible, unbreathing
a: Bat Form, Receive Corpses, Renounce Religion


You were in the Dungeon.
You worshipped Kikubaaqudgha.
Kikubaaqudgha was pleased with you.
You were not thirsty.

You visited 1 branch You collected 516 gold pieces.

Inventory:

Hand Weapons
 a - a +1 dagger (weapon)
Armour
 b - a +0 robe
 k - a +1 robe of magic resistance (worn)
Wands
 l - a wand of iceblast (10/15)
Scrolls
 j - a scroll of blinking
Potions
 d - 2 potions of blood
 e - a potion of curing
 f - a potion of heal wounds
 g - 2 potions of haste
 h - 2 potions of magic
 i - a potion of berserk rage
Books
 c - a book of Maledictions

   Spells                             Type                      Level
   a - Corona                         Hexes                        1
   b - Ensorcelled Hibernation        Hexes/Ice                    2
   c - Confuse                        Hexes                        3
   d - Tukima's Dance                 Hexes                        3
   e - Dazzling Spray                 Conjuration/Hexes            3
 m - Kikubaaqudgha's Papyrus of Dark Magic
   (Kikubaaqudgha gifted it to you in the Dungeon)

   Spells                             Type                      Level
   a - Pain                           Necromancy                   1
   b - Corpse Rot                     Necromancy                   2
   c - Sublimation of Blood           Necromancy                   2
   d - Vampiric Draining              Necromancy                   3
   e - Control Undead                 Necromancy                   4


   Skills:
 + Level 3.1 Short Blades
 + Level 7.8 Dodging
 + Level 16.6 Stealth
 + Level 9.3 Spellcasting
 + Level 15.9 Hexes
 + Level 5.7 Ice Magic


You had 19 spell levels left.
You knew the following spells:

 Your Spells              Type           Power        Failure   Level  Hunger
a - Ensorcelled Hibernat  Hex/Ice        ######       1%          2    None
b - Corona                Hex            ######.      0%          1    None
c - Confuse               Hex            ######..     1%          3    None
d - Pain                  Necr           #...         10%         1    None


Dungeon Overview and Level Annotations

Branches:
Dungeon (1/1)

Altars:
Cheibriados
Dithmenos
Elyvilon
Fedhas
Gozag
Hepliaklqana
Kikubaaqudgha
Makhleb
Nemelex Xobeh
Okawaru
Qazlal
Ru
Sif Muna
Trog
Uskayaw
Vehumet
Wu Jian
Xom
Yredelemnul
Zin
The Shining One
Jiyva
Lugonu

Shops:
D %}


Innate Abilities, Weirdness & Mutations

You have razor-sharp teeth.
You have supernaturally acute eyesight. (SInv)
You can survive without breathing.


Message History

Press: ? - help, Shift-Dir - straight line, f/p - demonic crawler
Aim: a demonic crawler (clinging, chance to defeat MR: 15%)
The demonic crawler resists with almost no effort.
The demonic crawler hits you.
* * * LOW HITPOINT WARNING * * *
The demonic crawler hits you!
* * * LOW HITPOINT WARNING * * *
The demonic crawler barely misses you.
Evoke which item? (* to show all) (? for menu, Esc to quit)
Aiming: Iceblast (will waste charges)
Press: ? - help, Shift-Dir - straight line, f/p - demonic crawler
Aim: a demonic crawler (clinging) That beam is likely to hit you.
Continue anyway?
The mass of ice explodes!
The iceblast engulfs the demonic crawler.
The demonic crawler partially resists.
The demonic crawler is lightly wounded.
The iceblast engulfs you!
You die...
Kikubaaqudgha rasps: "You have failed me!
Welcome... oblivion!"

##################
.#..'..#__#..'..)#
.').#..'^.'..#..@##+#
'#####'#__####)..ss.#
.#...#.#### #####†.+
##..##(# +## _##'#_.+
..'..._# _##_.#+#
_###'# ####.##


You could see 2 demonic crawlers.

Vanquished Creatures
  Sonja (D)
  2 kobold demonologists (D)
  2 demonic crawlers (D)
  A slime creature (D)
  Sigmund (D)
  A yak (D)
  A floating eye (D)
  An ogre (D)
  A jelly (D)
  Ijyb (D)
12 creatures vanquished.

Notes
Turn   | Place    | Note
-------+----------+-------------------------------------------
     0 | D        | lauthentik the Vampire Enchanter began the quest for the Orb.
     0 | D        | Reached XP level 1. HP: 13/13 MP: 3/3
     2 | D        | Noticed Ijyb
    12 | D        | Killed Ijyb
    12 | D        | Reached skill level 6 in Stealth
    12 | D        | Reached XP level 2. HP: 7/19 MP: 1/5
    19 | D        | Learned a level 2 spell: Ensorcelled Hibernation
   198 | D        | Noticed an ogre
   213 | D        | Killed an ogre
   213 | D        | Reached skill level 8 in Stealth
   213 | D        | Reached XP level 3. HP: 5/24 MP: 0/8
   213 | D        | Reached XP level 4. HP: 6/30 MP: 0/10
   218 | D        | Learned a level 3 spell: Confuse
   467 | D        | Noticed Sigmund
   487 | D        | Killed Sigmund
   487 | D        | Reached skill level 5 in Dodging
   487 | D        | Reached skill level 10 in Stealth
   487 | D        | Reached skill level 5 in Spellcasting
   487 | D        | Reached XP level 5. HP: 10/35 MP: 0/13
   487 | D        | Reached XP level 6. HP: 11/41 MP: 0/14
   722 | D        | Found a deep blue altar of Sif Muna.
   723 | D        | Found an ornate altar of the Wu Jian Council.
   724 | D        | Found a radiant altar of Vehumet.
   747 | D        | Found Cibly's Gadget Emporium.
   747 | D        | Found an ancient bone altar of Kikubaaqudgha.
   747 | D        | Found a stormy altar of Qazlal.
   747 | D        | Found a blossoming altar of Fedhas.
   747 | D        | Found a bloodstained altar of Trog.
   747 | D        | Found an iron altar of Okawaru.
   747 | D        | Found a glowing golden altar of the Shining One.
   747 | D        | Found a glowing silver altar of Zin.
   747 | D        | Found a white marble altar of Elyvilon.
   747 | D        | Noticed a yak
   748 | D        | Found a hazy altar of Hepliaklqana.
   748 | D        | Found a hide-covered altar of Uskayaw.
   748 | D        | Found a basalt altar of Yredelemnul.
   748 | D        | Found an opulent altar of Gozag.
   748 | D        | Found a snail-covered altar of Cheibriados.
   748 | D        | Found a sacrificial altar of Ru.
   748 | D        | Found a shadowy altar of Dithmenos.
   751 | D        | Killed a yak
   751 | D        | Reached skill level 11 in Stealth
   752 | D        | Found a sparkling altar of Nemelex Xobeh.
   762 | D        | Became a worshipper of Kikubaaqudgha
   771 | D        | Noticed Sonja
   775 | D        | Killed Sonja
   775 | D        | Reached skill level 13 in Stealth
   775 | D        | Reached XP level 7. HP: 46/46 MP: 16/18
   775 | D        | Reached XP level 8. HP: 52/52 MP: 16/19
   791 | D        | Found Akhlosacai's Food Boutique.
   823 | D        | Found a burning altar of Makhleb.
   823 | D        | Found a shimmering altar of Xom.
   823 | D        | Noticed a slime creature
   824 | D        | Found a viscous altar of Jiyva.
   824 | D        | Found a corrupted altar of Lugonu.
   826 | D        | Killed a slime creature
   826 | D        | Reached skill level 14 in Stealth
   841 | D        | Noticed a kobold demonologist
   842 | D        | Noticed a kobold demonologist
   844 | D        | Reached * piety under Kikubaaqudgha
   844 | D        | Identified Kikubaaqudgha's Papyrus of Dark Magic (Kikubaaqudgha gifted it to you in the Dungeon)
   844 | D        | Received a gift from Kikubaaqudgha
   845 | D        | Killed a kobold demonologist
   845 | D        | Reached skill level 15 in Stealth
   845 | D        | Reached skill level 15 in Hexes
   845 | D        | Reached skill level 5 in Ice Magic
   847 | D        | Killed a kobold demonologist
   855 | D        | Learned a level 1 spell: Pain
   860 | D        | Noticed a demonic crawler
   860 | D        | Noticed a demonic crawler
   860 | D        | Noticed a demonic crawler
   860 | D        | Noticed a demonic crawler
   862 | D        | Killed a demonic crawler
   862 | D        | Reached ** piety under Kikubaaqudgha
   862 | D        | Reached skill level 16 in Stealth
   862 | D        | Reached XP level 9. HP: 57/57 MP: 20/22
   863 | D        | Killed a demonic crawler
   867 | D        | Killed themself with a badly aimed iceblast

Vault maps used:
D:        dungeon_sprint_1

Skill      XL: |  1  2  3  4  5  6  7  8  9 |
---------------+----------------------------+-----
Stealth        | 6 8 10 13 16 | 16.6
Hexes          | 7 9 11 14 15 | 15.9
Dodging        | 3 5 6 7 |  7.8
Spellcasting   | 4 5 7 9 |  9.3
Ice Magic      | 2 4 5 |  5.7
Short Blades   | 2 3 |  3.1

Action                   |  1- 3 |  4- 6 |  7- 9 || total
-------------------------+-------+-------+-------++-------
Melee: Dagger            |    11 |     9 |     6 ||    26
       Bite              |       |     1 |       ||     1
 Cast: Corona            |     2 |       |       ||     2
       Ensorcelled Hiber |     3 |     6 |       ||     9
       Confuse           |       |       |     2 ||     2
 Stab: Sleeping          |     3 |     5 |     6 ||    14
Armor: Robe              |     1 |       |       ||     1
Dodge: Dodged            |     5 |    11 |     8 ||    24
